Map: Abyssal Reef LE

Players

Nerchio

  • Race: Zerg Zerg
  • Spawn Location: 11:00

Stats - Winner!

  • Race: Protoss Protoss
  • Spawn Location: 5:00

Event: IEM XI Katowice - World Championship 2017

VOD

Have the link to the VOD?

Description

Time

  • Played on: March 4, 2017, 8:30 a.m.
  • Length: 14:46

All games in this series

Show
View Real Time Build Order
Export as new Build Order

Nerchio Zerg 

Build Orders: Hatch First, Lurkers 

Get SALT Encoding   

  12  0:00  Drone  
  13  0:12  Overlord  
  13  0:17  Drone  
  14  0:31  Drone x2  
  14  0:34  Drone  
  17  0:47  Drone  
  18  1:00  Drone  
  18  1:02  Hatchery  
  18  1:08  Extractor  
  17  1:15  Spawning Pool  
  16  1:18  Drone  
  16  1:22  Drone  
  18  1:28  Drone  
  19  1:38  Overlord  
  19  1:49  Drone  
  20  2:01  Queen  
  20  2:02  Zergling x2  
  23  2:09  Metabolic Boost  
  23  2:11  Drone  
  23  2:13  Queen  
  26  2:16  Zergling x2  
  27  2:23  Drone  
  27  2:24  Drone  
  29  2:32  Drone  
  30  2:42  Hatchery  
  30  2:43  Drone  
  30  2:46  Drone  
  30  2:50  Drone  
  32  2:54  Overlord  
  32  2:56  Drone  
  33  3:03  Queen  
  35  3:06  Drone  
  36  3:13  Drone x3  
  36  3:14  Drone  
  36  3:18  Overlord  
  40  3:20  Drone  
  40  3:23  Drone  
  40  3:24  Drone  
  40  3:26  Drone  
  44  3:32  Roach Warren  
  43  3:38  Drone  
  43  3:39  Drone  
  45  3:45  Extractor  
  43  3:48  Queen  
  43  3:49  Drone x3  
  43  3:53  Evolution Chamber  
  47  3:56  Overlord  
  47  4:12  Lair  
  47  4:13  Roach x4  
  55  4:20  Queen  
  55  4:21  Overlord  
  57  4:25  Overlord  
  57  4:26  Spore Crawler  
  57  4:28  Spore Crawler  
  57  4:30  Drone x2  
  58  4:31  Drone  
  58  4:32  Drone  
  58  4:35  Drone  
  60  4:40  Drone x3  
  60  4:42  Drone  
  60  4:43  Drone  
  60  4:45  Drone  
  66  4:49  Spore Crawler  
  66  4:50  Drone  
  66  4:52  Drone  
  67  4:56  Zerg Melee Weapons Level 1  
  67  5:00  Zergling x6  
  67  5:01  Zergling x2  
  67  5:06  Drone x3  
  72  5:07  Drone  
  72  5:09  Drone  
  72  5:11  Glial Reconstitution  
  74  5:18  Hydralisk Den  
  74  5:19  Extractor  
  74  5:20  Drone x3  
  75  5:25  Overlord  
  75  5:26  Overlord  
  75  5:29  Overlord  
  74  5:39  Overlord  
  74  5:42  Drone x2  
  74  5:44  Drone  
  74  5:45  Drone x4  
  74  5:46  Drone  
  74  5:48  Drone  
  74  5:49  Drone  
  81  5:53  Muscular Augments  
  82  5:57  Drone x3  
  82  5:59  Extractor, Drone  
  82  6:00  Extractor  
  82  6:01  Extractor  
  82  6:10  Hatchery  
  81  6:15  Hydralisk x3  
  86  6:19  Drone x3  
  86  6:24  Overlord  
  86  6:25  Drone x3  
  92  6:26  Drone x2  
  92  6:28  Drone  
  92  6:30  Drone x2  
  97  6:36  Overlord  
  97  6:39  Overlord  
  97  6:41  Queen  
  97  6:52  Hydralisk  
  97  6:53  Hydralisk x3, Zerg Missile Weapons Level 1  
  105  6:56  Hydralisk x2  
  105  6:58  Extractor  
  108  7:09  Hydralisk x2  
  108  7:10  Hydralisk x4  
  108  7:14  Overlord  
  108  7:15  Overlord  
  120  7:18  Lurker Den  
  120  7:20  Overlord  
  120  7:23  Overseer  
  120  7:24  Overlord  
  120  7:33  Drone  
  120  7:34  Drone x7  
  128  7:39  Baneling Nest  
  128  7:40  Hydralisk x2  
  128  7:43  Hydralisk  
  133  7:46  Hydralisk  
  133  7:49  Hydralisk  
  133  7:51  Hydralisk  
  137  7:53  Hydralisk  
  137  7:56  Overlord  
  137  7:57  Overlord  
  141  8:00  Overseer, Overlord  
  141  8:02  Hydralisk  
  136  8:16  Zergling x2  
  129  8:21  Hydralisk x6  
  129  8:22  Hydralisk x3  
  147  8:30  Hydralisk x5  
  157  8:34  Overlord  
  157  8:40  Extractor  
  156  8:50  Zergling x10  
  156  8:51  Zergling x22  
  167  8:58  Zergling x4  
  169  9:04  Lurker x8  
  169  9:05  Zergling x12  
  169  9:07  Zergling x2  
  182  9:13  Lurker x2  
  182  9:14  Overlord x2  
  182  9:16  Zerg Missile Weapons Level 2  
  184  9:18  Overlord  
  184  9:23  Overlord  
  183  9:33  Hydralisk x6  
  183  9:34  Hydralisk  
  183  9:36  Hydralisk  
  199  9:43  Hydralisk x3  
  199  9:45  Hydralisk  
  194  9:46  Hydralisk  
  194  9:50  Hydralisk x2  
  194  9:57  Drone x2  
  194  9:58  Spine Crawler  
  186  10:02  Hydralisk  
  186  10:03  Hydralisk x2  
  188  10:14  Zergling x10  
  187  10:16  Hydralisk  
  187  10:17  Hydralisk x3  
  185  10:30  Centrifical Hooks, Infestation Pit  
  184  10:38  Spine Crawler x2  
  170  10:43  Zergling x26  
  178  10:50  Lurker x6  
  183  10:57  Lurker x2  
  183  11:02  Zergling x2  
  183  11:04  Hatchery, Lurker x2  
  179  11:06  Zergling x8  
  185  11:12  Lurker  
  186  11:21  Extractor  
  186  11:25  Hydralisk x6  
  177  11:34  Zergling x2  
  177  11:35  Zergling x10  
  182  11:48  Hydralisk x5  
  178  11:56  Zergling x14  
  184  12:02  Infestor x2, Hive  
  184  12:06  Infestor  
  190  12:09  Neural Parasite  
  190  12:15  Drone  
  190  12:16  Drone x3  
  190  12:18  Infestor  
  196  12:23  Overseer  
  196  12:26  Infestor  
  196  12:27  Spore Crawler  
  196  12:28  Spore Crawler  
  196  12:29  Burrow  
  196  12:43  Infestor  
  198  12:46  Drone x2  
  198  12:48  Extractor  
  198  12:50  Hatchery  
  198  12:54  Spine Crawler  
  198  12:56  Spine Crawler  
  196  13:02  Overseer x3  
  195  13:08  Infestor x2  
  199  13:17  Spore Crawler  
  198  13:31  Spire  
  197  13:39  Infestor  
  197  13:43  Infestor  
  197  13:44  Infestor x2  
  197  13:46  Hatchery  
  194  13:51  Infestor  
  194  13:53  Infestor  
  188  14:10  Zergling x18  
  179  14:18  Zergling x12  
  179  14:20  Hydralisk x5, Zergling x2  
  153  14:25  Zergling x18  
  153  14:28  Zergling x4  
Show
View Real Time Build Order
Export as new Build Order

Stats Protoss - Winner!

Build Orders: 1 Gate Expand, Oracle Opening 

Get SALT Encoding   

  12  0:00  Probe (Chrono Boost)  
  13  0:11  Probe (Chrono Boost)  
  14  0:17  Pylon  
  14  0:22  Probe (Chrono Boost)  
  16  0:35  Probe (Chrono Boost)  
  16  0:39  Gateway  
  16  0:46  Probe (Chrono Boost)  
  16  0:48  Assimilator  
  17  0:57  Probe (Chrono Boost)  
  18  1:07  Probe (Chrono Boost)  
  19  1:18  Probe (Chrono Boost)  
  20  1:26  Nexus  
  20  1:34  Cybernetics Core  
  20  1:37  Probe (Chrono Boost)  
  21  1:43  Assimilator  
  21  1:48  Probe (Chrono Boost)  
  21  1:53  Pylon  
  22  1:59  Probe (Chrono Boost)  
  23  2:08  Adept  
  23  2:11  Warp Gate  
  23  2:12  Probe (Chrono Boost)  
  26  2:24  Probe (Chrono Boost)  
  26  2:29  Stargate  
  27  2:35  Adept, Probe (Chrono Boost)  
  30  2:38  Probe (Chrono Boost)  
  31  2:45  Probe (Chrono Boost)  
  31  2:48  Probe (Chrono Boost)  
  33  2:56  Probe (Chrono Boost)  
  34  2:59  Probe (Chrono Boost)  
  35  3:07  Probe (Chrono Boost)  
  35  3:10  Oracle, Probe (Chrono Boost)  
  35  3:11  Gateway x2  
  37  3:19  Probe (Chrono Boost)  
  41  3:20  Probe (Chrono Boost)  
  41  3:23  Adept  
  44  3:27  Pylon  
  44  3:31  Probe x2 (Chrono Boost)  
  46  3:40  Pylon  
  46  3:45  Oracle  
  46  3:46  Probe (Chrono Boost)  
  46  3:47  Probe (Chrono Boost)  
  46  3:48  Assimilator x2  
  51  3:56  Probe (Chrono Boost)  
  51  3:59  Probe (Chrono Boost)  
  53  4:05  Pylon  
  53  4:07  Mothership Core (Chrono Boost)  
  55  4:12  Probe (Chrono Boost)  
  56  4:22  Nexus  
  56  4:23  Sentry  
  59  4:25  Probe x2 (Chrono Boost)  
  59  4:29  Pylon  
  59  4:30  Void Ray  
  60  4:36  Probe (Chrono Boost)  
  60  4:37  Probe (Chrono Boost)  
  66  4:45  Robotics Facility  
  66  4:48  Probe (Chrono Boost)  
  66  4:49  Probe (Chrono Boost)  
  68  4:53  Forge  
  68  5:00  Probe (Chrono Boost)  
  68  5:02  Probe (Chrono Boost)  
  70  5:08  Pylon  
  70  5:11  Probe (Chrono Boost), Protoss Ground Weapons Level 1, Sentry x2  
  70  5:13  Twilight Council, Probe (Chrono Boost)  
  76  5:14  Pylon  
  76  5:22  Probe (Chrono Boost)  
  76  5:23  Probe (Chrono Boost)  
  78  5:34  Probe x2 (Chrono Boost)  
  80  5:36  Warp Prism  
  80  5:38  Probe (Chrono Boost)  
  80  5:40  Assimilator  
  80  5:42  Assimilator  
  79  5:46  Probe (Chrono Boost)  
  79  5:47  Probe (Chrono Boost)  
  79  5:48  Probe (Chrono Boost)  
  79  5:53  Charge  
  79  5:55  Robotics Facility  
  80  5:58  Probe (Chrono Boost)  
  80  5:59  Probe x2 (Chrono Boost)  
  82  6:08  Gateway  
  82  6:09  Probe (Chrono Boost), Gateway  
  82  6:10  Probe (Chrono Boost)  
  82  6:11  Probe (Chrono Boost)  
  85  6:13  Gateway  
  85  6:14  Observer  
  85  6:18  Adept x2  
  90  6:19  Adept  
  92  6:31  Gateway, Immortal  
  92  6:32  Gateway  
  96  6:41  Immortal  
  100  6:51  Templar Archives  
  100  6:53  Pylon  
  100  6:54  Pylon  
  100  7:00  Photon Cannon  
  101  7:01  Probe (Chrono Boost)  
  101  7:03  Protoss Ground Weapons Level 2  
  101  7:06  Immortal  
  101  7:14  Nexus  
  105  7:15  Immortal  
  105  7:16  Pylon  
  109  7:28  Psionic Storm  
  109  7:30  High Templar  
  109  7:31  Zealot x4, High Templar  
  121  7:39  Pylon, Photon Cannon  
  121  7:40  Photon Cannon  
  121  7:45  Immortal  
  121  7:49  Immortal  
  125  7:55  Pylon  
  129  8:00  Pylon  
  129  8:03  High Templar x2  
  129  8:04  Zealot x2  
  131  8:12  Archon  
  131  8:15  High Templar x2  
  131  8:17  Zealot x2  
  135  8:24  Photon Cannon  
  135  8:30  Probe (Chrono Boost)  
  135  8:31  Probe x2 (Chrono Boost), Immortal x2  
  135  8:32  Probe (Chrono Boost)  
  135  8:33  Assimilator  
  139  8:36  Assimilator  
  147  8:47  Zealot x5  
  157  8:58  High Templar x3  
  163  9:04  Protoss Ground Weapons Level 3  
  163  9:10  Zealot x4  
  171  9:20  Pylon  
  171  9:21  Fleet Beacon  
  171  9:22  Pylon  
  171  9:23  Stargate  
  171  9:32  Photon Cannon  
  165  9:51  Zealot x8  
  177  9:54  Immortal x2  
  173  10:02  Nexus  
  173  10:03  Pylon  
  171  10:13  High Templar  
  171  10:14  High Templar x4  
  175  10:15  High Templar  
  175  10:17  Archon  
  175  10:18  Archon x2  
  179  10:27  Zealot  
  179  10:28  Zealot  
  171  10:30  Tempest x2  
  177  10:46  High Templar x2  
  177  10:47  Zealot x4  
  177  10:48  Zealot x2  
  191  11:00  Assimilator  
  191  11:03  Assimilator  
  191  11:08  Photon Cannon  
  191  11:09  Photon Cannon  
  191  11:18  High Templar  
  191  11:19  High Templar  
  191  11:20  High Templar x2  
  193  11:55  Zealot x4  
  193  12:02  Pylon x2  
  193  12:04  Pylon  
  193  12:14  Probe (Chrono Boost)  
  198  12:15  Probe x4 (Chrono Boost)  
  198  12:16  Protoss Shields Level 1  
  198  12:18  Photon Cannon  
  198  12:20  Photon Cannon  
  198  12:21  Pylon  
  198  12:22  Photon Cannon  
  198  12:24  Photon Cannon  
  198  12:32  Protoss Air Weapons Level 1  
  198  12:37  Gateway  
  198  12:39  Gateway  
  198  12:41  Gateway  
  198  12:44  Gateway  
  198  12:49  Observer x2  
  192  13:06  High Templar x3  
  198  13:13  Photon Cannon  
  198  13:14  Photon Cannon  
  198  13:16  Photon Cannon  
  198  13:17  Photon Cannon  
  194  13:56  Nexus, Pylon  
  192  14:08  Zealot x3  
  192  14:09  Zealot  
  182  14:25  Zealot x4  
  182  14:26  Zealot x3  
  191  14:33  Zealot x5  

Tags
 
Add a new tag
Caveats
  • Supply blocks, unpowered buildings, or Contaminate may cause inaccurate times.
  • Supply counts are checked every 10 seconds.